 Dungeon Crawl Stone Soup version 0.30-a0-726-gd89dcf765f (webtiles) character file.

Game seed: 14565642059004038409

2688 LSt the Nimble (level 9, 66/66 HPs)
             Began as a Gnoll Wanderer on May 31, 2022.
             Was a Priest of Okawaru.
             Quit the game on level 7 of the Dungeon on Jan 29, 2023.
             The game lasted 00:46:31 (8188 turns).

LSt the Nimble (Gnoll Wanderer)                     Turns: 8188, Time: 00:46:32

Health: 66/66      AC:  8    Str: 22    XL:     9   Next: 64%
Magic:  17/17      EV: 15    Int: 17    God:    Okawaru [***...]
Gold:   460        SH:  0    Dex: 12    Spells: 14/18 levels left

rFire   . . .      SeeInvis .    a - +2 morningstar (holy)
rCold   . . .      Faith    .    (no shield)
rNeg    . . .      Spirit   .    d - +2 leather armour
rPois   .          Reflect  .    l - +0 helmet
rElec   .          Harm     .    (no cloak)
rCorr   .          Rampage  .    r - +0 pair of gloves
Will    .....                    (no boots)
Stlth   ++                       G - amulet of regeneration
HPRegen 1.11/turn                Q - +6 ring of intelligence
MPRegen 0.15/turn                S - +6 ring of strength

@: no status effects
A: fangs 1, strong nose, distributed training
a: Renounce Religion, Heroism


You were on level 7 of the Dungeon.
You worshipped Okawaru.
Okawaru was most pleased with you.
You visited 1 branch of the dungeon, and saw 7 of its levels.
You also visited: Ossuary.

You collected 460 gold pieces.

Inventory:

Hand Weapons
 a - a +2 morningstar of holy wrath (weapon)
 b - a +0 sling
 i - a +0 spear
 m - a +0 dagger
 B - a +1 dagger of freezing
 D - a +0 dagger of venom
 H - a +0 short sword
 O - a +0 mace
 P - a +0 war axe
Missiles
 n - 269 stones (quivered)
 u - 2 throwing nets
 I - 3 boomerangs of dispersal
 V - 3 poisoned darts
Armour
 d - a +2 leather armour (worn)
 l - a +0 helmet (worn)
 r - a +0 pair of gloves (worn)
 w - a +0 tower shield
 F - a +0 kite shield
Magical Staves
 k - a staff of air
Jewellery
 f - an amulet of magic regeneration
 j - a ring of see invisible
 y - a +6 ring of dexterity
 G - an amulet of regeneration (around neck)
 Q - a +6 ring of intelligence (left hand)
 S - a +6 ring of strength (right hand)
 U - a +4 ring of protection
Wands
 g - a wand of flame (1)
 L - a wand of digging (5)
 W - a wand of charming (8)
 X - a wand of iceblast (10)
Scrolls
 e - a scroll of immolation
 h - 2 scrolls of torment
 p - a scroll of vulnerability {unknown}
 q - 2 scrolls of fog
 t - a scroll of magic mapping {unknown}
 v - 2 scrolls of teleportation
 z - 2 scrolls of fear
 C - a scroll of enchant weapon
 K - 7 scrolls of identify
 M - a scroll of amnesia {unknown}
 N - a scroll of enchant armour {unknown}
 R - a scroll of poison {unknown}
Potions
 c - 4 potions of heal wounds
 o - 3 potions of flight
 s - 7 potions of curing
 x - a potion of ambrosia
 A - 3 potions of might
 E - 2 potions of haste
 J - 2 potions of attraction
 T - a potion of brilliance


   Skills:
 + Level 4.4 Fighting
 + Level 4.4 Short Blades
 + Level 4.4 Long Blades
 + Level 4.4 Axes
 + Level 4.4 Maces & Flails
 + Level 4.4 Polearms
 + Level 4.4 Staves
 + Level 4.4 Ranged Weapons
 + Level 4.4 Throwing
 + Level 4.4 Armour
 + Level 9.7 Dodging
 + Level 4.4 Stealth
 + Level 4.4 Shields
 + Level 4.4 Unarmed Combat
 + Level 5.3 Spellcasting
 + Level 3.6 Conjurations
 + Level 3.6 Hexes
 + Level 3.6 Summonings
 + Level 3.6 Necromancy
 + Level 3.6 Translocations
 + Level 3.6 Transmutations
 + Level 3.6 Fire Magic
 + Level 6.6 Ice Magic
 + Level 3.6 Air Magic
 + Level 3.6 Earth Magic
 + Level 3.6 Poison Magic
 + Level 4.9 Invocations
 + Level 6.4 Evocations


You had 14 spell levels left.
You knew the following spells:

 Your Spells              Type           Power      Damage    Failure   Level
a - Freeze                Ice            100%       1d10      1%          1
b - Ozocubu's Armour      Ice            27%        N/A       3%          3

Your spell library contained the following spells:

 Spells                   Type           Power      Damage    Failure   Level
 Apportation              Tloc           34%        N/A       3%          1
 Necrotise                Necr           68%        1d7       3%          1
 Lesser Beckoning         Tloc           34%        N/A       5%          2
 Gell's Gravitas          Tloc           17%        N/A       11%         3
 Teleport Other           Tloc           17%        N/A       11%         3
 Dispel Undead            Necr           17%        3d10      34%         4
 Passage of Golubria      Tloc           17%        N/A       34%         4
 Metabolic Englaciation   Hex/Ice        11%        N/A       45%         5
 Silence                  Hex/Air        8%         N/A       67%         5
 Lehudib's Crystal Spear  Conj/Erth      8%         10d4      100%        8
 Summon Small Mammal      Summ           Unusable   N/A       N/A         1
 Simulacrum               Ice/Necr       Unusable   N/A       N/A         6
 Death Channel            Necr           Unusable   N/A       N/A         6

Dungeon Overview and Level Annotations

Branches:
Dungeon (7/15)             Temple (0/1) D:4         Ossuary (visited)

Altars:
Okawaru
Trog

Shops:
D:3 (

Annotations:
D:6 3 runed translucent doors, confidenceinterval's ghost, novice MfIE; night's ghost, novice DsNe


Innate Abilities, Weirdness & Mutations

You have very sharp teeth.
Your uncanny sense of smell can sniff out nearby items.
Your experience applies equally to all skills.


Message History

Press: ? - help, Q - select action, (/) - cycle Shift-Dir - straight line, f/p - jelly
Aim: a jelly (heavily wounded, 89% to hit)
You shoot a sling bullet. The sling bullet hits the jelly.
The jelly is severely wounded.
Your +2 morningstar of holy wrath softly glows with a divine radiance!
a - a +2 morningstar of holy wrath (weapon)
The jelly closely misses you.
You puncture the jelly!
You kill the jelly!
Okawaru accepts your kill.
Okawaru will now gift you ammunition as you gain piety.
Your icy armour cracks and falls away as you move.
You open the door.
There is an open door here.
There is an open door here.
Confidenceinterval's ghost turns its malevolent gaze towards you.
You see here a +0 leather armour.
Could not explore, unopened runed door.
Press: ? - help, v - describe, . - travel
Here: night's ghost, wielding a weapon of speed (wandering, hasn't noticed you, fire blocked by a runed translucent door)
The floor.
Press: ? - help, v - describe, . - travel
Here: confidenceinterval's ghost, wielding a weapon of draining (fire blocked by a runed translucent door)
The floor.
There is an open door here.
There is an open door here.
There is a stone staircase leading down here.
You climb downwards.
You hear the roar of battle.
There is an entrance to a bailey on this level.
Hurry and find it before the portal closes forever!
There is a stone staircase leading up here.
Saving game... please wait.
You hear the roar of battle.
There is an entrance to a bailey on this level.
Hurry and find it before the portal closes forever!
Your Slings skill gained 2 levels and is now at level 6!
Your Crossbows skill gained 2 levels and is now at level 6!
Welcome back, LSt the Gnoll Wanderer.
Okawaru says: Bring me glory in combat!
Press ? for a list of commands and other information.
Are you sure you want to abandon this character and quit the game? (Confirm with "yes".)

####
##...#
#....#
#@...#
##+###


There were no monsters in sight!

Vanquished Creatures
  Grinder (D:3)
  A steam dragon (D:5)
  An ice beast (D:5)
  A sky beast (D:6)
  2 ogres
  A phantom (D:4)
  11 scorpions
  2 howler monkeys
  8 centaur zombies (Ossuary)
  A gnoll bouda (D:5)
  4 hounds
  4 jellies
  An orc priest (D:4)
  2 human zombies (Ossuary)
  5 iguanas
  Natasha (thrice) (D:2)
  An orc wizard (D:4)
  3 scorpion zombies (Ossuary)
  3 mummies (Ossuary)
  7 gnolls
  9 adders
  2 worms
  4 dart slugs
  9 orcs
  8 ball pythons
  11 endoplasms
  2 giant cockroaches (D:3)
  3 gnoll zombies (Ossuary)
  9 goblins
  10 hobgoblins
  4 quokkas
  4 bats
  3 frilled lizards
  2 hobgoblin zombies (Ossuary)
  13 kobolds
  2 orc zombies (Ossuary)
  4 rats
161 creatures vanquished.

Vanquished Creatures (others)
  3 plants (D:4)
  4 withered plants (D:6)
7 creatures vanquished.

Grand Total: 168 creatures vanquished

Notes
Turn   | Place    | Note
-------+----------+-------------------------------------------
     0 | D:1      | LSt the Gnoll Wanderer began the quest for the Orb.
     0 | D:1      | LSt set off with the following items: a +0 dagger, a wand
                  | of flame (3), a potion of heal wounds, a +2 leather armour;
                  | and the following spell memorised: Freeze; and the
                  | following spells available to memorise: Ozocubu's Armour
     0 | D:1      | Reached XP level 1. HP: 13/13 MP: 4/4
   152 | D:1      | Reached XP level 2. HP: 12/20 MP: 2/5
   671 | D:1      | Reached XP level 3. HP: 16/25 MP: 7/7
  1220 | D:1      | Found a faded altar of an unknown god.
  1334 | D:1      | Reached skill level 1 in Invocations
  1616 | D:2      | Reached skill level 1 in Fighting
  1616 | D:2      | Reached skill level 1 in Short Blades
  1616 | D:2      | Reached skill level 1 in Long Blades
  1616 | D:2      | Reached skill level 1 in Axes
  1616 | D:2      | Reached skill level 1 in Maces & Flails
  1616 | D:2      | Reached skill level 1 in Polearms
  1616 | D:2      | Reached skill level 1 in Staves
  1616 | D:2      | Reached skill level 1 in Slings
  1616 | D:2      | Reached skill level 1 in Ranged Weapons
  1616 | D:2      | Reached skill level 1 in Crossbows
  1616 | D:2      | Reached skill level 1 in Throwing
  1616 | D:2      | Reached skill level 1 in Armour
  1616 | D:2      | Reached skill level 1 in Stealth
  1616 | D:2      | Reached skill level 1 in Shields
  1616 | D:2      | Reached skill level 1 in Unarmed Combat
  1643 | D:2      | Learned a level 3 spell: Ozocubu's Armour
  1729 | D:2      | Reached XP level 4. HP: 26/32 MP: 6/8
  2057 | D:2      | Reached skill level 1 in Conjurations
  2057 | D:2      | Reached skill level 1 in Hexes
  2057 | D:2      | Reached skill level 1 in Summonings
  2057 | D:2      | Reached skill level 1 in Necromancy
  2057 | D:2      | Reached skill level 1 in Translocations
  2057 | D:2      | Reached skill level 1 in Transmutations
  2057 | D:2      | Reached skill level 1 in Fire Magic
  2057 | D:2      | Reached skill level 1 in Air Magic
  2057 | D:2      | Reached skill level 1 in Earth Magic
  2057 | D:2      | Reached skill level 1 in Poison Magic
  2304 | D:2      | Reached XP level 5. HP: 35/37 MP: 9/9
  2356 | D:2      | Noticed Natasha
  2376 | D:2      | Found a bloodstained altar of Trog.
  2774 | D:2      | Killed Natasha
  2817 | D:2      | Noticed Natasha
  2830 | D:2      | Killed Natasha
  2835 | D:2      | Noticed Natasha
  2845 | D:2      | Killed Natasha
  3015 | D:3      | Found Liugesiub's Antique Weapon Shop.
  3021 | D:3      | Reached XP level 6. HP: 44/44 MP: 10/10
  3756 | D:3      | Noticed Grinder
  3766 | D:3      | Paralysed by Grinder for 3 turns
  3785 | D:3      | Paralysed by Grinder for 3 turns
  3800 | D:3      | Paralysed by Grinder for 3 turns
  3805 | D:3      | Killed Grinder
  3806 | D:3      | Reached skill level 5 in Evocations
  3806 | D:3      | Reached XP level 7. HP: 34/50 MP: 10/12
  4019 | D:4      | Found an iron altar of Okawaru.
  4043 | D:4      | Upgraded the game from 0.29-a0-520-gc852659d43 to
                  | 0.29-a0-521-g59ce8b2d47
  4158 | D:4      | Became a worshipper of Warmaster Okawaru
  4747 | D:4      | Found a staircase to the Ecumenical Temple.
  5045 | D:4      | Reached skill level 9 in Dodging
  5447 | D:5      | Entered Level 5 of the Dungeon
  5456 | D:5      | Reached * piety under Okawaru
  5560 | D:4      | Reached XP level 8. HP: 53/57 MP: 10/14
  5638 | D:5      | Found a sand-covered staircase.
  5694 | Ossuary  | Entered an ossuary
  6109 | Ossuary  | Reached ** piety under Okawaru
  6181 | Ossuary  | Reached XP level 9. HP: 62/65 MP: 8/16
  6580 | D:5      | Reached skill level 5 in Spellcasting
  7649 | D:6      | Found a runed translucent gate.
  7649 | D:6      | Found a runed translucent gate.
  7650 | D:6      | Found a runed translucent gate.
  7675 | D:6      | Noticed confidenceinterval's ghost (novice MfIE)
  7675 | D:6      | Noticed night's ghost (novice DsNe)
  8081 | D:6      | Reached *** piety under Okawaru
  8188 | D:7      | Upgraded the game from 0.29-a0-521-g59ce8b2d47 to
                  | 0.30-a0-726-gd89dcf765f
  8188 | D:7      | Quit the game

Illustrated notes

Levels and vault maps discovered:
D:1:      scummos_arrival_forest, layout_basic, ebering_ecumenical_altar_hall,
          chequers_serial_rivers_large_b
D:2:      layout_loops_ring, basic_altar, minmay_quadrilaterals, uniq_natasha
D:3:      layout_basic, serial_shops, shop, uniq_grinder
D:4:      layout_loops_ring, mainiacjoe_overflow_chevrons,
          minmay_temple_entry_overgrown, hangedman_decor_slide_cut,
          corexii_checkpoint_a, minmay_bent
D:5:      layout_rooms, nicolae_ossuary_entry_false_entrances, minivault_24,
          hangedman_decor_push
D:6:      layout_loops_corners, gammafunk_ghost_cemetery
D:7:      layout_gridville, serial_shops, shop, enter_bailey_4,
          minmay_liquid_box, kennysheep_nondescript, minmay_mini_ossuary

Skill      XL: |  1  2  3  4  5  6  7  8  9 |
---------------+----------------------------+-----
Invocations    | 1 2 3 4 |  4.9
Fighting       | 1 2 3 4 |  4.4
Short Blades   | 1 2 3 4 |  4.4
Long Blades    | 1 2 3 4 |  4.4
Axes           | 1 2 3 4 |  4.4
Maces & Flails | 1 2 3 4 |  4.4
Polearms       | 1 2 3 4 |  4.4
Staves         | 1 2 3 4 |  4.4
Slings         | 1 2 3 6 |  0.0
Ranged Weapons | 1 2 3 4 |  4.4
Crossbows      | 1 2 3 6 |  0.0
Throwing       | 1 2 3 4 |  4.4
Armour         | 1 2 3 4 |  4.4
Stealth        | 1 2 3 4 |  4.4
Shields        | 1 2 3 4 |  4.4
Unarmed Combat | 1 2 3 4 |  4.4
Spellcasting   | 3 4 5 |  5.3
Conjurations   | 1 2 3 |  3.6
Hexes          | 1 2 3 |  3.6
Summonings     | 1 2 3 |  3.6
Necromancy     | 1 2 3 |  3.6
Translocations | 1 2 3 |  3.6
Transmutations | 1 2 3 |  3.6
Fire Magic     | 1 2 3 |  3.6
Air Magic      | 1 2 3 |  3.6
Earth Magic    | 1 2 3 |  3.6
Poison Magic   | 1 2 3 |  3.6
Evocations     | 5 6 |  6.4
Dodging        | 9 |  9.7
Ice Magic      | 6 |  6.6

Action                     |  1- 3 |  4- 6 |  7- 9 || total
---------------------------+-------+-------+-------++-------
  Melee: Dagger            |    61 |   135 |    14 ||   210
         Short sword       |     2 |       |       ||     2
         Punch             |     2 |     1 |     7 ||    10
         Bite              |     8 |    18 |    23 ||    49
         Mace              |       |       |    40 ||    40
         Morningstar       |       |       |   108 ||   108
   Fire: Sling             |       |     4 |    81 ||    85
  Throw: Stone             |     1 |     4 |     2 ||     7
   Cast: Freeze            |    20 |    24 |   117 ||   161
         Ozocubu's Armour  |       |     9 |    31 ||    40
  Evoke: Wand              |       |     3 |       ||     3
    Use: Scroll            |       |     5 |     9 ||    14
   Stab: Sleeping          |     2 |     4 |     3 ||     9
 Armour: Leather armour    |    19 |    28 |    79 ||   126
  Dodge: Dodged            |    47 |    82 |   220 ||   349

Table legend: (Time is in decaauts)
 A = Elapsed time spent in this place.
 B = Non-inter-level travel time spent in this place.
 C = Inter-level travel time spent in this place.
 D = Time resting spent in this place.
 E = Time spent auto-exploring this place.
 F = Levels seen in this place.
 G = Mean time per level.
                   A        B        C        D        E       F      G
               +--------+--------+--------+--------+--------+-----+--------+
         Total |   8250 |   5640 |   2610 |   1908 |   1908 |   8 | 1031.2 |
       Dungeon |   7448 |   4838 |   2610 |   1601 |   1908 |   7 | 1064.0 |
       Ossuary |    801 |    801 |      0 |    307 |      0 |   1 |  801.0 |
               +--------+--------+--------+--------+--------+-----+--------+

Top non-repeatable levels by time:
     D:1: 1618 daAuts
     D:4: 1546 daAuts
     D:2: 1531 daAuts
     D:6: 1017 daAuts
     D:3: 938 daAuts
 Ossuary: 801 daAuts
     D:5: 796 daAuts
     D:7: 0 daAuts
